[Event "Late-Titled-Tuesday-Blitz-December-26-2023"]
[Site "Chess.com"]
[Date "2023.12.26"]
[Round "8"]
[White "Petukhov_Dmitry"]
[Black "lefonghua"]
[Result "1-0"]
[WhiteElo "2481"]
[BlackElo "2656"]
[TimeControl "180+1"]
[EndTime "15:27:58 PST"]
[Termination "Petukhov_Dmitry won by resignation"]

1. e4 c5 2. c3 Nf6 3. e5 Nd5 4. d4 cxd4 5. Nf3 Nc6 6. Bc4 Nb6 7. Bb3 d6 8. exd6 Qxd6 9. O-O Be6 10. Bxe6 Qxe6 11.
Nxd4 Qd7 12. Nxc6 Qxd1 13. Rxd1 bxc6 14. b3 g6 15. Be3 Bg7 16. Bd4 O-O-O 17. Na3 Bxd4 18.
cxd4 Rd5 19. Rac1 Kb7 20. f4 Rhd8 21. Nc2 e6 22. Kf2 a5 23. Ke3 Rh5 24. h3 Nd5+ 25. Kf3 Rf5 26. g3 g5 27. Ne3 Nxe3 28. Kxe3 gxf4+ 29. gxf4 Rh5 30. Rh1 Rg8 31. Kf3 Kb6 32. Rc2 Rg6 33.
h4 Rf5 34. Rhc1 Rgf6 35. Rxc6+ Kb7 36. Rc7+ Kb8 37. R7c5 Rxf4+ 38. Ke3 Rf3+ 39. Ke4 R3f4+ 40. Ke3 Rf3+ 41. Ke4 R3f4+ 42. Kd3 Rf3+ 43. Kc4 R6f5 44. Kb5 Rf2 45. a4 R2f3 46. b4 axb4 47. Kxb4 Rxc5 48.
Kxc5 Ra3 49. Rf1 f5 50. Re1 f4 51. Rxe6 Rxa4 52. Rf6 Ra5+ 53. Kb6 Rf5 54. Rxf5 1-0

[Event "Late-Titled-Tuesday-Blitz-December-26-2023"]
[Site "Chess.com"]
[Date "2023.12.26"]
[Round "8"]
[White "SlipperySpeedster"]
[Black "Iball95"]
[Result "0-1"]
[WhiteElo "2645"]
[BlackElo "2821"]
[TimeControl "180+1"]
[EndTime "15:28:03 PST"]
[Termination "Iball95 won by resignation"]

1. Nf3 d5 2. b3 Nf6 3. Bb2 e6 4. g3 Be7 5. Bg2 O-O 6. O-O c5 7. c4 Nc6 8. cxd5 exd5 9. d4 Ne4 10. Nbd2 Bf6 11. e3 Bg4 12. h3 Bh5 13. g4 Bg6 14. Nxe4 Bxe4 15. Rc1 Bxf3 16. Qxf3 cxd4 17. Qxd5 dxe3 18. Qxd8 exf2+ 19. Rxf2 Bxd8 20. Bxc6 bxc6 21. Rfc2 Bb6+ 22. Kg2 Rad8 23. Be5 f5 24. gxf5 Rxf5 25. Bg3 Rd3 26. Rc3 Rd2+ 27. Kh1 Rxa2 28. Rxc6 h5 29. R6c3 Kf7 30. Rd1 g5 31. Bc7 Bd4 32. Rcd3 Bc5 33. Rd5 Rxd5 34. Rxd5 Be7 35. Bh2 Ke6 36. Re5+ Kf6 37.
Rd5 a6 38. Bg1 Ke6 39. Rd3 Kf5 40. Rf3+ Kg6 41. Rf1 Bf6 42. Rc1 Be5 43. Rc5 Bf4 44. Rd5 Kf6 45. Rc5 Kg6 46. Rd5 Rb2 47. Ra5 Rxb3 48.
Rxa6+ Kf5 49. Kg2 Rg3+ 50. Kf1 Rxh3 51. Ra5+ Kg4 52. Bf2 Rf3 53. Kg2 h4 54. Ra8 Rb3 55.
Rg8 h3+ 56. Kh1 Rb1+ 57. Bg1 h2 0-1

[Event "Late-Titled-Tuesday-Blitz-December-26-2023"]
[Site "Chess.com"]
[Date "2023.12.26"]
[Round "8"]
[White "Durarbayli"]
[Black "Hikaru"]
[Result "1/2-1/2"]
[WhiteElo "2932"]
[BlackElo "3219"]
[TimeControl "180+1"]
[EndTime "15:28:04 PST"]
[Termination "Game drawn - insufficient material"]

1. e4 a6 2. d4 c6 3. Nf3 d5 4.
e5 Bg4 5. Be3 Bxf3 6. Qxf3 e6 7.
Qd1 c5 8. c3 Ne7 9. Bd3 Qb6 10.
dxc5 Qxb2 11. Qb3 Qxb3 12. axb3 Nd7 13. f4 g5 14. g3 gxf4 15. gxf4 Bh6 16. Ke2 f6 17.
exf6 Nxf6 18. Rg1 Ng6 19. Bxg6+ hxg6 20. Rxg6 Kf7 21. Rg1 Bg7 22. Nd2 Rxh2+ 23. Kd3 Rh3 24. Raf1 a5 25. Nf3 Ne4 26. Ng5+ Nxg5 27. fxg5+ Kg6 28. Rh1 Rah8 29. Rxh3 Rxh3 30. Re1 e5 31.
Kc2 Rh2+ 32. Bd2 e4 33. Kd1 Rh3 34. c4 dxc4 35. bxc4 a4 36. Kc2 a3 37. Kb1 Rb3+ 38.
Ka2 Rb2+ 39. Kxa3 Rxd2 40. Rxe4 Bf8 41. Kb4 Rb2+ 42. Kc3 Bg7+ 43. Kd3 Kf5 44. Re7 Be5 45. g6 Rg2 46. Rf7+ Bf6 47. Rxb7 Rg3+ 48. Kc2 Ke4 49. c6 Rg2+ 50. Kb3 Rb2+ 51. Ka4 Rc2 52. Rf7 Ke5 53. c7 Rxc4+ 54. Kb5 Rc1 55. g7 Bxg7 56. Rxg7 Kd6 57. Rg6+ Kxc7 58. Rg5 Kb8 59. Rc5 Rxc5+ 60. Kxc5 1/2-1/2

[Event "Late-Titled-Tuesday-Blitz-December-26-2023"]
[Site "Chess.com"]
[Date "2023.12.26"]
[Round "8"]
[White "Kaua18"]
[Black "gahryman"]
[Result "1-0"]
[WhiteElo "2562"]
[BlackElo "2650"]
[TimeControl "180+1"]
[EndTime "15:28:05 PST"]
[Termination "Kaua18 won on time"]

1. e4 c5 2. Nf3 Nc6 3. d4 cxd4 4. Nxd4 e5 5. Nb5 d6 6. N1c3 a6 7. Na3 Be7 8. Nc4 b5 9. Ne3 Nf6 10. Bd3 O-O 11. O-O Nb4 12. Be2 Be6 13. Ncd5 Nbxd5 14. exd5 Bd7 15. c4 b4 16. a3 a5 17. Bd2 Qb6 18.
Nc2 b3 19. Ne1 Ne4 20. Be3 Nc5 21. Nd3 Bf6 22. Nxc5 dxc5 23. Bf3 a4 24. Qd2 Qd6 25. Rad1 Rae8 26. Be4 g6 27. Qa5 Rc8 28. f3 Bg7 29. Rfe1 f5 30. Bb1 e4 31. Qd2 Rce8 32.
Qf2 Rc8 33. g3 Be5 34. Kg2 h5 35. Rf1 h4 36. f4 Bf6 37. Rh1 Kg7 38. Qd2 Rh8 39.
Kf2 Rh7 40. Rhg1 hxg3+ 41. hxg3 Rch8 42. Rg2 Rh1 43. Rdg1 Rxg1 44. Rxg1 Kf7 45. Rg2 Qf8 46. Qa5 Bd4 47. Qa7 Bxe3+ 48. Kxe3 Qe7 49. Rd2 Be8 50. d6 1-0

[Event "Late-Titled-Tuesday-Blitz-December-26-2023"]
[Site "Chess.com"]
[Date "2023.12.26"]
[Round "8"]
[White "severomorskij"]
[Black "MITerryble"]
[Result "0-1"]
[WhiteElo "2897"]
[BlackElo "3033"]
[TimeControl "180+1"]
[EndTime "15:28:08 PST"]
[Termination "MITerryble won by resignation"]

1. d4 e6 2. c4 Bb4+ 3. Nc3 b6 4.
Nf3 Bb7 5. Bg5 Nf6 6. Nd2 h6 7.
Bh4 c5 8. d5 O-O 9. e4 exd5 10.
exd5 Bxc3 11. bxc3 Re8+ 12. Be2 Qe7 13. Nf1 g5 14. Bg3 Ne4 15. Ne3 d6 16. O-O Nxg3 17. hxg3 Nd7 18. Re1 Qf6 19. Qc2 Ne5 20. Ng4 Nxg4 21. Bxg4 Kg7 22. a4 Ba6 23. Qd3 Re5 24. Bd7 Rd8 25. Bc6 Bc8 26. Rxe5 Qxe5 27. Qe3 Qxe3 28.
fxe3 Bd7 29. Bxd7 Rxd7 30. a5 Re7 31. Kf2 Re4 32. axb6 axb6 33. Ra6 Kf6 34. Rxb6 Ke5 35.
Rb7 Rxc4 36. Rxf7 Rxc3 37. Rh7 g4 38. Rxh6 Rc2+ 39. Kf1 Kxd5 40. Rh4 Ke4 41. Rxg4+ Kxe3 42. Kg1 d5 43. Rg8 d4 44. Re8+ Kd3 45. g4 c4 46.
g5 Ra2 47. g6 Ra7 48. Rf8 c3 49. Rf7 Ra6 50. g7 Rg6 51. Kf2 Kd2 52. Rc7 c2 53. Kf3 c1=Q 54. Rxc1 Kxc1 55. Ke4 Rxg2 56. Kxd4 Rxg7 57. Ke5 Rg4 58. Kf6 Kd2 0-1

[Event "Late-Titled-Tuesday-Blitz-December-26-2023"]
[Site "Chess.com"]
[Date "2023.12.26"]
[Round "8"]
[White "egnfanclub"]
[Black "anasta10"]
[Result "1-0"]
[WhiteElo "2388"]
[BlackElo "2599"]
[TimeControl "180+1"]
[EndTime "15:28:08 PST"]
[Termination "egnfanclub won by checkmate"]

1. e4 e6 2. d4 d5 3. Nc3 Bb4 4. Ne2 dxe4 5. a3 Bxc3+ 6. Nxc3 Nf6 7. Bg5 h6 8. Bxf6 Qxf6 9. Nxe4 Qg6 10. Qf3 Nc6 11. Bb5 O-O 12. Bxc6 bxc6 13. O-O Rb8 14. b4 c5 15. Nxc5 Qxc2 16. Rac1 Qd2 17. Rfd1 Qg5 18. Re1 Rd8 19. Qc6 Qe7 20. Qe4 Qd6 21. Rcd1 Qd5 22. Qxd5 Rxd5 23. Re5 Rd8 24. d5 Rb6 25. Rd3 Rbd6 26. Kf1 exd5 27. Ke1 f6 28. Re7 c6 29.
Rxa7 Bf5 30. Re3 Kf8 31. Ree7 Re8 32. Rxe8+ Kxe8 33. Kd2 d4 34. f3 d3 35. g4 Bg6 36.
f4 Kf8 37. f5 Bf7 38. a4 Bc4 39. a5 Rd8 40. Ne6+ Bxe6 41. fxe6 Rb8 42. Kc3 d2 43. Kxd2 Rxb4 44. Rf7+ Kg8 45. a6 Ra4 46. a7 Kh7 47. Rb7 Kg6 48. e7 Kf7 49. Kc3 Ra3+ 50. Kb4 Ra1 51. Kc5 Rc1+ 52. Kd6 Rd1+ 53. Kxc6 Rc1+ 54. Kd7 Rd1+ 55. Kc8 Rc1+ 56. Rc7 Ra1 57. Kd8 Rd1+ 58. Rd7 Ra1 59. e8=Q# 1-0

[Event "Late-Titled-Tuesday-Blitz-December-26-2023"]
[Site "Chess.com"]
[Date "2023.12.26"]
[Round "8"]
[White "lukazz029"]
[Black "aksuliini1"]
[Result "1/2-1/2"]
[WhiteElo "2030"]
[BlackElo "2475"]
[TimeControl "180+1"]
[EndTime "15:28:08 PST"]
[Termination "Game drawn by repetition"]

1. e4 c5 2. Nf3 d6 3. d4 cxd4 4.
Nxd4 Nf6 5. Nc3 a6 6. Be2 e5 7. Nb3 Be7 8. O-O Be6 9. Be3 O-O 10. Qd2 Nc6 11. Rfd1 b5 12. f3 Rc8 13. Nd5 Bxd5 14. exd5 Nb8 15. a4 b4 16. a5 Nfd7 17. Rac1 f5 18.
Qxb4 Bg5 19. f4 exf4 20. Bxf4 Bxf4 21. Qxf4 Ne5 22. c4 Nbd7 23. Qd2 Nf6 24. Nd4 Ne4 25. Qe1 Qg5 26. Bf1 Rfe8 27. Kh1 Ng4 28. Ne6 Qh5 29. h3 Ngf2+ 30. Kg1 Nxd1 31. Qxd1 Qxd1 32.
Rxd1 Rb8 33. Rb1 Nc5 34. Nd4 g6 35. b4 Ne4 36. b5 axb5 37. cxb5 Ra8 38. Nc6 Nc3 39. Rc1 Ne2+ 40. Bxe2 Rxe2 41. b6 Rb2 42. Re1 Rb5 43. Re7 Rxd5 44. Kh2 Rb5 45. b7 Ra6 46.
b8=Q+ Rxb8 47. Nxb8 Rxa5 48. Nd7 Ra2 49. Nf6+ Kf8 50.
Rxh7 Re2 51. Nd7+ Kg8 52. Nf6+ Kf8 53. Nd7+ Kg8 54. Nf6+ Kf8 1/2-1/2

[Event "Late-Titled-Tuesday-Blitz-December-26-2023"]
[Site "Chess.com"]
[Date "2023.12.26"]
[Round "8"]
[White "Sacbutt"]
[Black "DCacheiro"]
[Result "0-1"]
[WhiteElo "2367"]
[BlackElo "2574"]
[TimeControl "180+1"]
[EndTime "15:28:18 PST"]
[Termination "DCacheiro won by resignation"]

1. e4 e5 2. Nf3 Nc6 3. Bc4 Nf6 4. d3 Bc5 5. c3 d6 6. O-O a5 7. Bb3 O-O 8. Nbd2 Be6 9. h3 Ba7 10.
Re1 Bxb3 11. Qxb3 a4 12. Qb5 Bc5 13. b4 axb3 14. Nxb3 Bb6 15. d4 Re8 16. d5 Ne7 17. Be3 Bxe3 18. Rxe3 Qd7 19. Qd3 Ng6 20. c4 Nf4 21. Qc2 b6 22. Ne1 Ra7 23. Nd3 Nxd3 24. Qxd3 Rea8 25. Re2 Nh5 26. Rb2 Nf4 27. Qd2 Ra4 28.
Qc2 Qe7 29. Kh2 Qd7 30. Nc1 h6 31. Nd3 Nxd3 32. Qxd3 Ra3 33. Qe2 Qa4 34. Qc2 Qxc2 35. Rxc2 R8a4 36. f3 Rd3 37. Kg1 Raa3 38. Kf2 Rdc3 39.
Rac1 Rxa2 40. Rxa2 Rxc1 41. Ra8+ Kh7 42. Ra4 Kg6 43.
g4 Rc2+ 44. Kg3 h5 45. h4 hxg4 46. Kxg4 f6 47. h5+ Kh6 48. Kf5 Kxh5 49. Ra8 Kh4 50. Kg6 Rxc4 51. Kxg7 Kg3 52. Kxf6 Kxf3 53. Ke6 Kxe4 54.
Rc8 Rc5 55. Kf6 b5 56. Rb8 Kxd5 57. Kf5 e4 58. Kf4 Kd4 59. Re8 Re5 60. Rb8 e3 61. Ra8 e2 62. Ra1 e1=Q 0-1

[Event "Late-Titled-Tuesday-Blitz-December-26-2023"]
[Site "Chess.com"]
[Date "2023.12.26"]
[Round "8"]
[White "vugarrasulov"]
[Black "Kiborg95"]
[Result "1-0"]
[WhiteElo "2940"]
[BlackElo "2843"]
[TimeControl "180+1"]
[EndTime "15:28:21 PST"]
[Termination "vugarrasulov won by resignation"]

1. e4 d6 2. d4 Nf6 3. f3 e5 4.
dxe5 dxe5 5. Qxd8+ Kxd8 6. Bc4 Ke8 7. Be3 Nfd7 8. Nc3 c6 9. a4 a5 10. Nge2 Bc5 11. Kf2 Bxe3+ 12. Kxe3 Nb6 13. Bd3 N8d7 14. Nc1 Nc5 15. Be2 Be6 16. b3 Rd8 17. Nd3 Nxd3 18. Bxd3 Nd7 19. Rhd1 Nc5 20. Be2 Ke7 21. g3 g5 22.
Rxd8 Rxd8 23. Rh1 Rg8 24. Nb1 f5 25. exf5 Bxf5 26. Na3 Kf6 27. Rd1 Ke7 28. Rd2 Nd7 29. Nc4 b6 30. Bd3 Bxd3 31. Rxd3 h5 32. Rd2 g4 33. f4 exf4+ 34. Kxf4 Rg7 35. Kf5 Rf7+ 36. Kg5 Nf6 37. Nd6 Rg7+ 38. Kh6 Rg8 39. Nc4 Rh8+ 40. Kg6 Rg8+ 41. Kf5 Nd5 42. Re2+ Kd7 43.
Rd2 Ke7 44. Ne5 Kd6 45. Ng6 Kc5 46. Nf4 Nxf4 47. gxf4 b5 48. Ke6 h4 49. f5 g3 50. hxg3 hxg3 51. Rg2 Re8+ 52. Kd7 Rf8 53. Ke6 Re8+ 54. Kf6 Re3 55. Kg5 Rf3 56. Kg4 Rf2 57.
Rxg3 Rxc2 58. Rf3 Rg2+ 59. Kh5 Rg8 60. f6 Kd6 61. f7 Rf8 62. Kg6 1-0

[Event "Late-Titled-Tuesday-Blitz-December-26-2023"]
[Site "Chess.com"]
[Date "2023.12.26"]
[Round "8"]
[White "HanSchut"]
[Black "almaguerjm"]
[Result "0-1"]
[WhiteElo "2269"]
[BlackElo "2488"]
[TimeControl "180+1"]
[EndTime "15:28:21 PST"]
[Termination "almaguerjm won on time"]

1. e4 e5 2. Nf3 Nc6 3. Bc4 Nf6 4. d4 exd4 5. e5 d5 6. Bb5 Ne4 7. Nxd4 Bd7 8. Bxc6 bxc6 9. O-O Bc5 10. f3 Ng5 11.
Be3 O-O 12. f4 Ne4 13. Nd2 Nxd2 14. Qxd2 Bb6 15. Nb3 Qe7 16. Rae1 Rad8 17. Qc3 Rfe8 18. Bc5 Be6 19. Kh1 Qd7 20. Nd4 Bf5 21. Bxb6 cxb6 22. Qxc6 Qxc6 23. Nxc6 Rc8 24. Nd4 Bxc2 25. Rc1 Be4 26.
Kg1 f6 27. exf6 gxf6 28. Kf2 Rc5 29. Nb3 Rb5 30. Rfd1 a5 31. Rd2 a4 32. Nd4 Rc5 33.
Rxc5 bxc5 34. Nb5 d4 35. Nd6 Re6 36. Nxe4 Rxe4 37. g3 c4 38. Rc2 d3 39. Rd2 f5 40. b3 axb3 41. axb3 cxb3 42. Rxd3 Rb4 43.
Rd1 Rc4 44. Rb1 Rc2+ 45. Kf3 b2 46. h4 h5 47. Ke3 Kf7 48. Kd3 Rg2 49. Kd4 Ke6 50.
Kc5 Rc2+ 51. Kd4 Kd6 52. Kd3 Rg2 53. Kd4 Ke6 54. Kc5 Rd2 55. Kc4 Rf2 56. Kd4 Kd6 57.
Kc4 Rd2 58. Kc3 Rg2 59. Kd4 Rxg3 60. Rxb2 Rf3 61. Rb6+ Kc7 0-1

[Event "Late-Titled-Tuesday-Blitz-December-26-2023"]
[Site "Chess.com"]
[Date "2023.12.26"]
[Round "8"]
[White "Camilla_Lee"]
[Black "Rodalquilar"]
[Result "1-0"]
[WhiteElo "2613"]
[BlackElo "2748"]
[TimeControl "180+1"]
[EndTime "15:28:27 PST"]
[Termination "Camilla_Lee won on time"]

1. e4 d5 2. exd5 Qxd5 3. Nc3 Qa5 4. d4 Nf6 5. Nf3 Bf5 6. Bd2 e6 7. Nb5 Qb6 8. a4 c6 9. a5 Qd8 10. Na3 Be7 11. Nc4 O-O 12. c3 Nbd7 13. Be2 c5 14.
O-O Rc8 15. Nfe5 cxd4 16. cxd4 Ne4 17. Be3 Nxe5 18. Nxe5 Bb4 19. Qa4 Bd2 20. a6 bxa6 21.
Qxa6 Bxe3 22. fxe3 Qg5 23. Qa3 Rc2 24. Bf3 Nd2 25. Rf2 Rfc8 26. Re1 Rc1 27. Re2 Qh4 28. g3 Nxf3+ 29. Nxf3 Qe4 30. Rxc1 Rxc1+ 31. Kf2 Bg4 32. Ne1 Bxe2 33. Qxa7 Rc8 34. Kxe2 Qc6 35. Qa3 Qb5+ 36. Nd3 Qh5+ 37. Kd2 Qxh2+ 38. Kd1 Qc2+ 39. Ke1 h6 40. Nf2 Qc1+ 41. Ke2 Rc2+ 42. Kf3 Qf1 43. Qa8+ Kh7 44. Qe4+ g6 45. Qxc2 h5 46. Qe2 Qb1 47. e4 Kg7 48. Kg2 Qa2 49. Nd3 Qc4 50. Qe3 Qc2+ 51. Kf3 Qd1+ 52. Qe2 Qh1+ 53. Ke3 Qg1+ 54. Qf2 Qb1 55. b4 Qb3 56. Qb2 Qd1 57. b5 Qg1+ 58. Kd2 Qg2+ 59. Kc3 Qxe4 60. b6 Qc6+ 61. Nc5 e5 62. b7 exd4+ 63. Kc4 1-0

[Event "Late-Titled-Tuesday-Blitz-December-26-2023"]
[Site "Chess.com"]
[Date "2023.12.26"]
[Round "8"]
[White "TST2014"]
[Black "MightyGMpretender"]
[Result "0-1"]
[WhiteElo "2588"]
[BlackElo "2750"]
[TimeControl "180+1"]
[EndTime "15:28:29 PST"]
[Termination "MightyGMpretender won on time"]

1. d4 g6 2. c4 Bg7 3. Nf3 d6 4. Nc3 c5 5. dxc5 Bxc3+ 6. bxc3 dxc5 7. Qb3 Nc6 8. Bf4 Nf6 9. e3 O-O 10. Be2 Qa5 11. O-O b6 12. Ne5 Nxe5 13. Bxe5 Bd7 14. Bf3 Rad8 15. Bc7 Rc8 16. Be5 Rfd8 17. a4 Qa6 18. a5 b5 19. Rfb1 bxc4 20. Qb7 Qe6 21. Bc7 Re8 22. Qxa7 Nd5 23. Rb6 Rxc7 24. Qxc7 Nxc7 25.
Rxe6 fxe6 26. Bb7 Bc8 27. Bc6 Rd8 28. h4 Rd6 29. Bf3 Ba6 30. Rb1 Nb5 31. Bb7 Nxc3 32. Rb2 Nd1 33. Rb1 Bxb7 34. Rxb7 c3 35. Rc7 Nb2 36. Rxc5 Ra6 37. Rxc3 Rxa5 38. Rc8+ Kf7 39. Rh8 h5 40. Rh7+ Kf8 41. Rh8+ Kg7 42. Rb8 Ra1+ 43. Kh2 Nd3 44. Kg3 Ra2 45. f3 Ne1 46. Rb6 Rxg2+ 47. Kf4 Rg1 48. Rxe6 Nd3+ 49. Ke4 Nc5+ 50.
Kd5 Nxe6 51. Kxe6 Rg3 52. e4 Rxf3 53. e5 Re3 54. Kd5 g5 55. hxg5 h4 56. Kd4 Re1 57. Kd5 h3 58. Ke6 h2 59. g6 h1=Q 60. Kxe7 Kxg6 61. e6 Qd5 62. Kf8 Rxe6 0-1

[Event "Late-Titled-Tuesday-Blitz-December-26-2023"]
[Site "Chess.com"]
[Date "2023.12.26"]
[Round "8"]
[White "yaguigor"]
[Black "ATM622"]
[Result "1-0"]
[WhiteElo "2582"]
[BlackElo "2427"]
[TimeControl "180+1"]
[EndTime "15:28:32 PST"]
[Termination "yaguigor won by checkmate"]

1. e4 c6 2. d4 d5 3. e5 Bf5 4. h4 h5 5. c4 e6 6. Nc3 Nd7 7. cxd5 cxd5 8. Bg5 Qa5 9. Ne2 Rc8 10.
a3 f6 11. exf6 gxf6 12. Be3 Bd6 13. Rc1 Ne7 14. Nf4 Kf7 15. Be2 Bxf4 16. Bxf4 Bg6 17. O-O Nf5 18. g3 Qb6 19. Nb5 a6 20. Bc7 Rxc7 21.
Nxc7 Nxd4 22. Bd3 Bxd3 23. Qxd3 Ne5 24. Qe3 Ng4 25. Qd3 Ne5 26. Qd1 Nef3+ 27. Kg2 Rc8 28. Qd3 Kg7 29. Nxd5 Qd8 30. Rxc8 Qxc8 31. Nf4 Qc6 32.
Qg6+ Kf8 33. Qxf6+ Ke8 34. Qh8+ Kf7 35. Qxh5+ Kg8 36.
Qg6+ Kh8 37. Qf6+ Kg8 38. Qg6+ Kh8 39. Qh6+ Kg8 40. Kh3 e5 41. Qxc6 bxc6 42. Nd3 e4 43. Nc5 Ne2 44. Nxe4 Ned4 45. Kg4 Kf7 46. h5 Ke6 47.
Ng5+ Nxg5 48. Kxg5 Ke5 49. h6 Ne6+ 50. Kh4 Kf6 51. Re1 Nf8 52. Kh5 Nd7 53. f4 Kf5 54. Re7 Nf6+ 55. Kh4 Kg6 56. Re6 c5 57. g4 Kf7 58.
Rxf6+ Kxf6 59. g5+ Kg6 60. Kg4 c4 61. f5+ Kh7 62. Kh5 a5 63. g6+ Kg8 64. f6 c3 65.
h7+ Kh8 66. f7 Kg7 67. h8=Q+ Kxh8 68. f8=Q# 1-0

[Event "Late-Titled-Tuesday-Blitz-December-26-2023"]
[Site "Chess.com"]
[Date "2023.12.26"]
[Round "8"]
[White "Genghis_K"]
[Black "DanielNaroditsky"]
[Result "0-1"]
[WhiteElo "2882"]
[BlackElo "3107"]
[TimeControl "180+1"]
[EndTime "15:28:35 PST"]
[Termination "DanielNaroditsky won by resignation"]

1. e4 Nf6 2. e5 Nd5 3. d4 d6 4. Nf3 dxe5 5. Nxe5 c6 6. Be2 Bf5 7. O-O Nd7 8. Nf3 e6 9. c4 N5f6 10. Nh4 Be4 11. Nc3 Bd6 12. g3 Bg6 13. Qb3 Qc7 14. Be3 O-O 15. Rfe1 Rfe8 16. Rad1 e5 17. Nxg6 exd4 18. Bxd4 hxg6 19. Bf3 Bc5 20. Bxc5 Nxc5 21. Qc2 Rxe1+ 22. Rxe1 Rd8 23. Rd1 Re8 24. b4 Ne6 25. c5 Qe5 26. Bg2 a5 27. a3 axb4 28. axb4 Nd4 29. Qd2 Rd8 30. Qe1 Qxe1+ 31. Rxe1 Nc2 32.
Rb1 Rd4 33. b5 Rc4 34. Ne2 Na3 35. Rc1 Rxc1+ 36. Nxc1 Nxb5 37. Nb3 Nd7 38. Bh3 f5 39. Bf1 Kf7 40. Bc4+ Ke7 41. Kg2 Nc3 42. h4 Ne4 43.
Na5 Ndxc5 44. f3 Nd6 45. Be2 Kd7 46. g4 b6 47. Nc4 Nxc4 48. Bxc4 fxg4 49. fxg4 b5 50.
Bf7 g5 51. hxg5 Ne6 52. Kf2 Nxg5 53. Bg8 Kd6 54. Ke3 Ke5 55. Kd3 c5 56. Ke3 Ne6 57. Bh7 Nd4 58. Bd3 c4 59. Bf1 g5 60. Bg2 Ne6 61. Bc6 b4 62. Bb5 Kd5 63. Ba4 b3 64. Kd2 Kd4 65. Be8 Nc5 66. Bg6 c3+ 67. Ke2 Ne4 68. Kd1 Nd2 69. Kc1 b2+ 70. Kd1 b1=Q+ 71.
Bxb1 Nxb1 0-1

[Event "Late-Titled-Tuesday-Blitz-December-26-2023"]
[Site "Chess.com"]
[Date "2023.12.26"]
[Round "8"]
[White "alertakobra"]
[Black "Felix-Rose"]
[Result "1-0"]
[WhiteElo "2441"]
[BlackElo "2240"]
[TimeControl "180+1"]
[EndTime "15:28:35 PST"]
[Termination "alertakobra won by checkmate"]

1. e4 e5 2. Nf3 Nc6 3. d4 exd4 4. Nxd4 Nf6 5. Nxc6 bxc6 6. e5 Qe7 7. Qe2 Nd5 8. h4 Qe6 9. Nd2 a5 10. g3 Ba6 11. c4 Nb6 12. b3 Bb4 13. Bh3 Qe7 14.
O-O Bc3 15. Rb1 O-O 16. Nf3 f6 17. Bb2 Bxb2 18. Qxb2 d5 19. exd6 cxd6 20. Rfe1 Qc7 21. Nd4 Rfe8 22. Bg2 d5 23. c5 Nd7 24. Qc3 Re5 25.
f4 Rxe1+ 26. Rxe1 Qa7 27. Nxc6 Qxc5+ 28. Qxc5 Nxc5 29. Nxa5 Rd8 30. Nc6 Rd6 31. Bxd5+ Kf8 32. Bf3 Bb7 33. b4 Nd3 34. Rd1 Bxc6 35. Bxc6 Ke7 36.
Be4 Nxb4 37. Rxd6 Kxd6 38. a3 Na6 39. Kf2 g6 40. Ke3 f5 41. Bd3 Nc5 42. Kd4 Ne6+ 43. Kc4 h6 44. a4 g5 45. fxg5 hxg5 46. Bxf5 gxh4 47. gxh4 Ng7 48. Bg6 Ne6 49. h5 Nf8 50.
Be4 Kc7 51. h6 Nd7 52. h7 Ne5+ 53. Kd4 Nf7 54. Bd5 Nh8 55. Kc5 Kb8 56. a5 Ka7 57. Kb5 Ng6 58. a6 Nh8 59. Bc6 Ng6 60. Bd7 Nh8 61.
Be8 Kb8 62. Kb6 Ka8 63. a7 Nf7 64. Bc6# 1-0

[Event "Late-Titled-Tuesday-Blitz-December-26-2023"]
[Site "Chess.com"]
[Date "2023.12.26"]
[Round "8"]
[White "dmarcolino"]
[Black "dennisodessa"]
[Result "1/2-1/2"]
[WhiteElo "2159"]
[BlackElo "2498"]
[TimeControl "180+1"]
[EndTime "15:28:36 PST"]
[Termination "Game drawn by repetition"]

1. d4 Nf6 2. c4 e5 3. dxe5 Ng4 4.
Bf4 g5 5. Bg3 Nc6 6. Nf3 Bg7 7.
Nc3 Ngxe5 8. Nxe5 Nxe5 9. e3 d6 10. Be2 Be6 11. Nd5 c6 12. Bxe5 Bxe5 13. Nc3 Qa5 14. Qb3 O-O 15. O-O b5 16. a4 bxc4 17.
Bxc4 Rab8 18. Qa2 Rxb2 19. Qxb2 Bxc3 20. Qb3 Bxc4 21. Qxc4 Bxa1 22. Rxa1 Qd5 23. Qxd5 cxd5 24. Rd1 Rc8 25. g3 Rc5 26. Rd4 Kg7 27. Kg2 Kf6 28.
Kf3 Ke5 29. Rb4 Ra5 30. h4 h6 31. hxg5 hxg5 32. Kg4 f6 33. f4+ gxf4 34. gxf4+ Ke6 35. Kf3 Kf5 36. Rd4 Rc5 37. Rb4 Rc4 38. Rb5 Rxa4 39. Rxd5+ Ke6 40. Rb5 d5 41. Ke2 Ra3 42. Kf2 Ra6 43.
Ke2 Rb6 44. Ra5 a6 45. Kd3 Kd6 46. Kd4 Rb4+ 47. Kd3 Rb6 48. Kd4 Kc6 49. Kd3 Rb3+ 50. Kd4 Rb4+ 51. Kd3 Rb6 52. Kd4 Rb4+ 53. Kd3 Rb3+ 54.
Kd4 Rb6 55. Rc5+ Kd6 56. Rxd5+ Ke6 57. Ra5 Rb4+ 58. Kd3 Rb6 59. Kd4 f5 60. Re5+ Kf6 61. Ra5 Re6 62. Kd3 Rd6+ 63. Ke2 Re6 64. Kf3 Rd6 65.
e4 Re6 66. exf5 Rb6 67. Ke4 Rb4+ 68. Kf3 Rb6 69. Ke4 Rb4+ 70. Kf3 Rb6 1/2-1/2

[Event "Late-Titled-Tuesday-Blitz-December-26-2023"]
[Site "Chess.com"]
[Date "2023.12.26"]
[Round "8"]
[White "Byniolus"]
[Black "ahkashefi2800"]
[Result "1-0"]
[WhiteElo "2816"]
[BlackElo "2616"]
[TimeControl "180+1"]
[EndTime "15:28:41 PST"]
[Termination "Byniolus won by resignation"]

1. d4 d5 2. Bf4 Nf6 3. e3 Bf5 4. c4 c6 5. Nc3 e6 6. Qb3 Qb6 7. c5 Qxb3 8. axb3 a6 9. b4 Nbd7 10. b5 cxb5 11. Bxb5 Be7 12. Nf3 O-O 13. Ba4 b5 14.
Bd1 Nh5 15. Be5 Nxe5 16. Nxe5 Nf6 17. g4 Be4 18. f3 Bg6 19. h4 h6 20. Nxg6 fxg6 21.
Bc2 Nd7 22. Ke2 g5 23. hxg5 Bxg5 24. f4 Bf6 25. b4 Rfc8 26. Kd2 Rc6 27. Nxb5 Rb8 28.
Nc3 Rxb4 29. Rhb1 Rc4 30. Ra3 Nxc5 31. dxc5 R6xc5 32. Rbb3 d4 33. exd4 Bxd4 34. Bd3 Rxc3 35. Rxc3 Bxc3+ 36. Rxc3 Rxc3 37. Kxc3 a5 38. Kd4 Kf7 39.
Ke5 a4 40. Bc4 g6 41. Bxe6+ Ke7 42. Bd5 a3 43. Ba2 h5 44. gxh5 gxh5 45. f5 h4 46.
f6+ Kf8 47. Kf4 Ke8 48. Kg4 h3 49. Kxh3 Kd7 50. Kg4 Kd6 51. Kg5 Kd7 52. Kg6 Ke8 53.
Kg7 Kd7 54. f7 Ke7 55. f8=Q+ Kd7 56. Qxa3 Kc7 57. Kf6 Kc6 58. Ke6 Kb5 59. Qb3+ Kc5 60. Qc3+ Kb5 61. Kd5 Ka4 62. Qb3+ Ka5 63. Kc6 1-0

[Event "Late-Titled-Tuesday-Blitz-December-26-2023"]
[Site "Chess.com"]
[Date "2023.12.26"]
[Round "8"]
[White "PapaieDudu"]
[Black "IgorBjelobrk"]
[Result "0-1"]
[WhiteElo "2500"]
[BlackElo "2666"]
[TimeControl "180+1"]
[EndTime "15:28:46 PST"]
[Termination "IgorBjelobrk won by checkmate"]

1. e4 e6 2. Nf3 d5 3. e5 c5 4.
c4 Nc6 5. cxd5 exd5 6. Bb5 Ne7 7. O-O a6 8. Ba4 b5 9. Bc2 Bg4 10. Re1 Nd4 11. a4 Bxf3 12. gxf3 b4 13. b3 Ng6 14.
d3 Nh4 15. Kh1 Nhxf3 16. Re3 Ng5 17. f4 Nge6 18. Bb2 Nf5 19. Re1 d4 20. Qf3 Be7 21. Nd2 O-O 22. Nc4 g6 23. a5 Re8 24. Re4 Bf8 25.
Rg1 Ra7 26. Bd1 Kh8 27. Qf2 Bh6 28. Bg4 Neg7 29. Bc1 Rae7 30. h4 Rg8 31. Rg2 Re6 32. Rh2 f6 33. Re1 Rge8 34. Rg1 fxe5 35. fxe5 Bxc1 36.
Rxc1 h5 37. Bh3 Rxe5 38. Nxe5 Rxe5 39. Qf4 Qe7 40. Rg1 Kh7 41. Rhg2 Nxh4 42. Rf2 Re3 43. Bf1 Ngf5 44. Rg5 Qe5 45. Kh2 Qxf4+ 46. Rxf4 Nf3+ 47. Rxf3 Rxf3 48. Bg2 Rxd3 49. Bd5 Re3 50. Rg2 Kh6 51. Rd2 g5 52. Bc4 g4 53. Kg2 Kg5 54. Rd1 h4 55. Bxa6 h3+ 56. Kh2 Nh4 57. Bc4 Nf3+ 58. Kg3 Ne5+ 59.
Kh2 Kh4 60. a6 g3+ 61. Kg1 Nf3+ 62. Kf1 g2+ 63. Kf2 g1=Q+ 64. Rxg1 Nxg1 65. Kxg1 Re7 66. Kh1 Kg3 67. Kg1 Re1+ 68. Bf1 h2+ 69. Kh1 Rxf1# 0-1